AA
AUBURN VENOM @ EAGLE RIVER FAT BOYS
07/05/2060
 
TOP OF THE 1ST
Auburn Venom batting - Pitching for Eagle River Fat Boys : RHP Thaddeus Morrison
Pitching: RHP Thaddeus Morrison
Batting: LHB James Fessler 0-0: Ball
1-0: Called Strike
1-1: Ball
2-1: Called Strike
2-2: Ball
3-2: Strikes out looking
Batting: RHB Ebenezer N'Gotho 0-0: Foul Ball, location: 2F
0-1: Ball
1-1: Swinging Strike
1-2: Ground out 4-3 (Groundball, 34D, EV 101.9 MPH)
Batting: SHB Quinton Welch 0-0: Fly out, F3 (Popup, 3SF, EV 88.1 MPH)
Top of the 1st over - 0 runs, 0 hits, 0 errors, 0 left on base; Auburn 0 - Eagle River 0
BOTTOM OF THE 1ST
Eagle River Fat Boys batting - Pitching for Auburn Venom : RHP Cam Moody
Pitching: RHP Cam Moody
Batting: LHB Archibald Vasquez 0-0: Ball
1-0: Ball
2-0: Foul Ball, location: 2F
2-1: Foul Ball, location: 2F
2-2: Foul Ball, location: 2F
2-2: SINGLE (Line Drive, 8RS, EV 104.4 MPH)
Batting: LHB Drew Katus 0-0: Foul Ball, location: 2F
0-1: Ball
1-1: Called Strike
1-2: Ball
2-2: Foul Ball, location: 2F
2-2: Grounds into double play, 6-4-3 (Groundball, 6, EV 99.4 MPH)
Batting: LHB Zander Compton 0-0: Fly out, F7 (Flyball, 7, EV 85.0 MPH)
Bottom of the 1st over - 0 runs, 1 hit, 0 errors, 0 left on base; Auburn 0 - Eagle River 0
TOP OF THE 2ND
Auburn Venom batting - Pitching for Eagle River Fat Boys : RHP Thaddeus Morrison
Batting: RHB Martin Robbins 0-0: Ball
1-0: Ball
2-0: Ball
3-0: Called Strike
3-1: Base on Balls
Batting: RHB Dario Dokter 0-0: Called Strike
0-1: Fly out, F9 (Line Drive, 89M, EV 106.9 MPH)
Batting: RHB J.C. Creamer 0-0: Foul Ball, location: 2F
0-1: Ball
Martin Robbins steals 2nd base
1-1: Called Strike
1-2: Strikes out swinging
Batting: LHB Da-Jon Akii-Bua 0-0: Swinging Strike
0-1: Swinging Strike
0-2: Ball
1-2: Ball
2-2: Ball
3-2: Foul Ball, location: 2F
3-2: Strikes out swinging
Top of the 2nd over - 0 runs, 0 hits, 0 errors, 1 left on base; Auburn 0 - Eagle River 0
BOTTOM OF THE 2ND
Eagle River Fat Boys batting - Pitching for Auburn Venom : RHP Cam Moody
Batting: SHB James Van Doorne 0-0: Ball
1-0: Foul Ball, location: 2F
1-1: Called Strike
1-2: Foul Ball, location: 2F
1-2: Ball
2-2: Ball
3-2: Base on Balls
Batting: RHB Paul Finlayson 0-0: Called Strike
0-1: Ball
1-1: Ball
2-1: Fly out, F8 (Flyball, 8RD, EV 90.6 MPH)
Batting: RHB Tommy Tyrrell 0-0: Called Strike
0-1: SINGLE (Groundball, 34S, EV 77.5 MPH) (infield hit)
James Van Doorne to second
Batting: RHB Phil Radil 0-0: Ball
1-0: Called Strike
1-1: Ball
2-1: Called Strike
2-2: Foul Ball, location: 2F
2-2: Ball
3-2: Foul Ball, location: 2F
3-2: SINGLE (Line Drive, 78S, EV 110.6 MPH)
James Van Doorne to third
Tommy Tyrrell to second
Batting: RHB J.T. Villagran 0-0: Called Strike
0-1: Called Strike
0-2: Ball
1-2: Ball
2-2: Fly out, F8 (Flyball, 8RM, EV 86.2 MPH)
Runner from 3rd tags up, SCORES, throw by CF
Batting: RHB Melville Axon 0-0: Called Strike
0-1: Swinging Strike
0-2: Ball
1-2: Strikes out looking
Bottom of the 2nd over - 1 run, 2 hits, 0 errors, 2 left on base; Auburn 0 - Eagle River 1
TOP OF THE 3RD
Auburn Venom batting - Pitching for Eagle River Fat Boys : RHP Thaddeus Morrison
Batting: RHB Allen Cullin 0-0: Ball
1-0: Foul Ball, location: 2F
1-1: Foul Ball, location: 2F
1-2: Foul Ball, location: 2F
1-2: Ball
2-2: SINGLE (Groundball, 34D, EV 105.6 MPH)
Batting: RHB Ronnie Luong 0-0: Grounds out, U3 (Groundball, 3L, EV 101.9 MPH)
Batting: LHB James Fessler 0-0: Ball
1-0: Called Strike
Balk!
Allen Cullin to third
1-1: Swinging Strike
1-2: Ball
2-2: Ball
3-2: Foul Ball, location: 2F
3-2: Strikes out looking
Batting: RHB Ebenezer N'Gotho 0-0: Called Strike
0-1: Ball
1-1: Ball
2-1: Foul Ball, location: 2F
2-2: Foul Ball, location: 2F
2-2: Foul Ball, location: 2F
2-2: Ball
3-2: Base on Balls
Batting: SHB Quinton Welch 0-0: Foul Ball, location: 2F
0-1: Swinging Strike
0-2: Ball
1-2: Strikes out swinging
Top of the 3rd over - 0 runs, 1 hit, 0 errors, 2 left on base; Auburn 0 - Eagle River 1
BOTTOM OF THE 3RD
Eagle River Fat Boys batting - Pitching for Auburn Venom : RHP Cam Moody
Batting: LHB Archibald Vasquez 0-0: Ball
1-0: Ball
2-0: Called Strike
2-1: SINGLE (Line Drive, 78M, EV 96.9 MPH)
Batting: LHB Drew Katus 0-0: Ball
1-0: Ball
2-0: Ball
3-0: Foul Ball, location: 2F
3-1: Foul Ball, location: 2F
3-2: Base on Balls
Archibald Vasquez to second
Batting: LHB Zander Compton 0-0: Ball
1-0: Ball
2-0: Ball
3-0: Fielders Choice at 2nd, 6-4 (Groundball, 56, EV 85.0 MPH)
Archibald Vasquez to third
Batting: SHB James Van Doorne 0-0: Ball
1-0: Foul Ball, location: 2F
1-1: Ball
2-1: Called Strike
2-2: Strikes out swinging
Batting: RHB Paul Finlayson 0-0: Ball
1-0: Foul Ball, location: 2F
1-1: Ground out U3 (Groundball, 3, EV 89.4 MPH)
Bottom of the 3rd over - 0 runs, 1 hit, 0 errors, 2 left on base; Auburn 0 - Eagle River 1
TOP OF THE 4TH
Auburn Venom batting - Pitching for Eagle River Fat Boys : RHP Thaddeus Morrison
Batting: RHB Martin Robbins 0-0: Called Strike
0-1: Called Strike
0-2: Foul Ball, location: 2F
0-2: Strikes out swinging
Batting: RHB Dario Dokter 0-0: Ball
1-0: Ball
2-0: Called Strike
2-1: Foul Ball, location: 2F
2-2: Ball
3-2: Foul Ball, location: 2F
3-2: Base on Balls
Batting: RHB J.C. Creamer 0-0: Called Strike
0-1: Ball
1-1: Called Strike
Dario Dokter steals 2nd base
1-2: Ball
2-2: Foul Ball, location: 2F
2-2: Ball
3-2: Base on Balls
Batting: LHB Da-Jon Akii-Bua 0-0: Foul Ball, location: 2F
0-1: Swinging Strike
0-2: SINGLE (Groundball, 25, EV 65.0 MPH) (infield hit)
Dario Dokter to third
J.C. Creamer to second
Batting: RHB Allen Cullin 0-0: Swinging Strike
0-1: Swinging Strike
0-2: GRAND SLAM HOME RUN (Flyball, 7D, EV 100.0 MPH), Distance : 384 ft
Batting: RHB Ronnie Luong 0-0: TRIPLE (Flyball, 89XD, EV 111.2 MPH)
Batting: LHB James Fessler 0-0: Ball
1-0: Swinging Strike
1-1: Foul Ball, location: 2F
1-2: Ball
2-2: Ground out 6-3 (Groundball, 6, EV 83.8 MPH)
Ronnie Luong scores
Batting: RHB Ebenezer N'Gotho 0-0: SINGLE (Groundball, 6M, EV 103.8 MPH)
Pitching: RHP Danny Boone
Batting: SHB Quinton Welch 0-0: Ball
Ebenezer N'Gotho steals 2nd base
1-0: Foul Ball, location: 2F
1-1: Ball
2-1: Foul Ball, location: 2F
2-2: Strikes out looking
Top of the 4th over - 5 runs, 4 hits, 0 errors, 1 left on base; Auburn 5 - Eagle River 1
BOTTOM OF THE 4TH
Eagle River Fat Boys batting - Pitching for Auburn Venom : RHP Cam Moody
Batting: RHB Tommy Tyrrell 0-0: Ground out 5-3 (Groundball, 56, EV 105.6 MPH)
Batting: RHB Phil Radil 0-0: DOUBLE (Line Drive, 3D, EV 93.8 MPH)
Batting: RHB J.T. Villagran 0-0: Ground out 6-3 (Groundball, 6, EV 91.9 MPH)
Batting: RHB Melville Axon 0-0: Fly out, F9 (Flyball, 9, EV 85.0 MPH)
Bottom of the 4th over - 0 runs, 1 hit, 0 errors, 1 left on base; Auburn 5 - Eagle River 1
TOP OF THE 5TH
Auburn Venom batting - Pitching for Eagle River Fat Boys : RHP Danny Boone
Batting: RHB Martin Robbins 0-0: Called Strike
0-1: Ball
1-1: Swinging Strike
1-2: Foul Ball, location: 2F
1-2: Fly out, F7 (Line Drive, 78M, EV 85.6 MPH)
Batting: RHB Dario Dokter 0-0: Ball
1-0: Called Strike
1-1: Ball
2-1: Ball
3-1: SINGLE (Flyball, 89S, EV 92.5 MPH)
Batting: RHB J.C. Creamer 0-0: Called Strike
0-1: Ball
1-1: Ball
2-1: Ball
3-1: Swinging Strike
3-2: Strikes out looking
Batting: LHB Da-Jon Akii-Bua 0-0: Foul Ball, location: 2F
0-1: Ball
1-1: Called Strike
Dario Dokter steals 2nd base
1-2: Strikes out swinging
Top of the 5th over - 0 runs, 1 hit, 0 errors, 1 left on base; Auburn 5 - Eagle River 1
BOTTOM OF THE 5TH
Eagle River Fat Boys batting - Pitching for Auburn Venom : RHP Cam Moody
Batting: LHB Archibald Vasquez 0-0: Ball
1-0: Swinging Strike
1-1: Swinging Strike
1-2: Ball
2-2: Ball
3-2: Strikes out looking
Batting: LHB Drew Katus 0-0: Called Strike
0-1: Fly out, F8 (Line Drive, 8RM, EV 111.9 MPH)
Batting: LHB Zander Compton 0-0: Ball
1-0: Swinging Strike
1-1: Called Strike
1-2: Ball
2-2: Strikes out swinging
Bottom of the 5th over - 0 runs, 0 hits, 0 errors, 0 left on base; Auburn 5 - Eagle River 1
TOP OF THE 6TH
Auburn Venom batting - Pitching for Eagle River Fat Boys : RHP Danny Boone
Batting: RHB Allen Cullin 0-0: Called Strike
0-1: Foul Ball, location: 2F
0-2: Foul Ball, location: 2F
0-2: Ball
1-2: Strikes out looking
Pitching: RHP Jayden Caldwell
Batting: RHB Ronnie Luong 0-0: Called Strike
0-1: Ball
1-1: SINGLE (Groundball, 6MD, EV 100.6 MPH)
Batting: LHB James Fessler 0-0: Called Strike
0-1: Called Strike
0-2: Fly out, F8 (Flyball, 8RM, EV 83.1 MPH)
Batting: RHB Ebenezer N'Gotho 0-0: Ball
1-0: Fielders Choice at 2nd, 6-4 (Groundball, 6, EV 86.9 MPH)
Top of the 6th over - 0 runs, 1 hit, 0 errors, 1 left on base; Auburn 5 - Eagle River 1
BOTTOM OF THE 6TH
Eagle River Fat Boys batting - Pitching for Auburn Venom : RHP Cam Moody
Batting: SHB James Van Doorne 0-0: Ball
1-0: Foul Ball, location: 2F
1-1: Ball
2-1: Fly out, F2 (Popup, 2L, EV 93.8 MPH)
Batting: RHB Paul Finlayson 0-0: Ball
1-0: Called Strike
1-1: Foul Ball, location: 2F
1-2: Foul Ball, location: 2F
1-2: Ball
2-2: Strikes out looking
Batting: RHB Tommy Tyrrell 0-0: Fly out, F9 (Flyball, 9, EV 96.2 MPH)
Bottom of the 6th over - 0 runs, 0 hits, 0 errors, 0 left on base; Auburn 5 - Eagle River 1
TOP OF THE 7TH
Auburn Venom batting - Pitching for Eagle River Fat Boys : RHP Jayden Caldwell
Batting: SHB Quinton Welch 0-0: Ball
1-0: Foul Ball, location: 2F
1-1: Foul Ball, location: 2F
1-2: Strikes out swinging
Batting: RHB Martin Robbins 0-0: Foul Ball, location: 2F
0-1: Ball
1-1: Ball
2-1: Foul Ball, location: 2F
2-2: Strikes out swinging
Batting: RHB Dario Dokter 0-0: Ball
1-0: Fly out, F8 (Line Drive, 8RM, EV 91.9 MPH)
Top of the 7th over - 0 runs, 0 hits, 0 errors, 0 left on base; Auburn 5 - Eagle River 1
BOTTOM OF THE 7TH
Eagle River Fat Boys batting - Pitching for Auburn Venom : RHP Cam Moody
Batting: RHB Phil Radil 0-0: Foul Ball, location: 2F
0-1: Called Strike
0-2: Strikes out looking
Batting: RHB J.T. Villagran 0-0: Foul Ball, location: 2F
0-1: Ball
1-1: Foul Ball, location: 2F
1-2: Ball
2-2: SINGLE (Groundball, 34D, EV 105.0 MPH)
Pitching: RHP Phillip Harrison
Batting: RHB Melville Axon 0-0: Called Strike
0-1: Ball
1-1: Foul Ball, location: 2F
1-2: Foul Ball, location: 2F
1-2: Strikes out looking
Batting: LHB Archibald Vasquez 0-0: Called Strike
0-1: Ball
1-1: Foul Ball, location: 2F
1-2: Ball
2-2: Fly out, F9 (Line Drive, 9S, EV 91.9 MPH)
Bottom of the 7th over - 0 runs, 1 hit, 0 errors, 1 left on base; Auburn 5 - Eagle River 1
TOP OF THE 8TH
Auburn Venom batting - Pitching for Eagle River Fat Boys : RHP Jayden Caldwell
Batting: RHB J.C. Creamer 0-0: Swinging Strike
0-1: SINGLE (Groundball, 6D, EV 96.2 MPH)
Batting: LHB Da-Jon Akii-Bua 0-0: Ball
1-0: Fly out, F9 (Flyball, 89S, EV 90.0 MPH)
Batting: RHB Allen Cullin 0-0: Ball
1-0: Ball
2-0: Called Strike
2-1: Foul Ball, location: 2F
2-2: Fly out, F7 (Flyball, 78S, EV 90.0 MPH)
Batting: RHB Ronnie Luong 0-0: Ball
1-0: Ball
2-0: Ball
3-0: Called Strike
3-1: Foul Ball, location: 2F
3-2: Fly out, F9 (Flyball, 89S, EV 94.4 MPH)
Top of the 8th over - 0 runs, 1 hit, 0 errors, 1 left on base; Auburn 5 - Eagle River 1
BOTTOM OF THE 8TH
Eagle River Fat Boys batting - Pitching for Auburn Venom : RHP Phillip Harrison
Batting: LHB Drew Katus 0-0: Swinging Strike
0-1: Foul Ball, location: 2F
0-2: Ball
1-2: Ball
2-2: Ground out 5-3 (Groundball, 56S, EV 80.0 MPH)
Batting: LHB Zander Compton 0-0: Ground out 4-3 (Groundball, 34D, EV 91.9 MPH)
Batting: SHB James Van Doorne 0-0: Called Strike
0-1: Ball
1-1: Fly out, F8 (Flyball, 8RXD, EV 96.2 MPH)
Bottom of the 8th over - 0 runs, 0 hits, 0 errors, 0 left on base; Auburn 5 - Eagle River 1
TOP OF THE 9TH
Auburn Venom batting - Pitching for Eagle River Fat Boys : RHP Jayden Caldwell
Pitching: RHP Fisher Barrios
Batting: LHB James Fessler 0-0: Swinging Strike
0-1: Fly out, F8 (Flyball, 78M, EV 90.0 MPH)
Batting: RHB Ebenezer N'Gotho 0-0: Swinging Strike
0-1: Ball
1-1: Swinging Strike
1-2: Ball
2-2: Ball
3-2: Strikes out swinging
Batting: SHB Quinton Welch 0-0: Called Strike
0-1: Ball
1-1: SOLO HOME RUN (Flyball, 89XD, EV 111.2 MPH), Distance : 436 ft
Batting: RHB Martin Robbins 0-0: DOUBLE (Line Drive, 9LS, EV 95.6 MPH)
Batting: RHB Dario Dokter 0-0: SINGLE (Line Drive, 89M, EV 94.4 MPH)
Martin Robbins to third
Runner from 3rd tries for Home, SAFE, throw by RF to home
Batting: RHB J.C. Creamer 0-0: Ball
1-0: Called Strike
1-1: Swinging Strike
1-2: Strikes out swinging
Top of the 9th over - 2 runs, 3 hits, 0 errors, 1 left on base; Auburn 7 - Eagle River 1
BOTTOM OF THE 9TH
Eagle River Fat Boys batting - Pitching for Auburn Venom : RHP Phillip Harrison
Batting: RHB Paul Finlayson 0-0: Called Strike
0-1: Swinging Strike
0-2: Ball
1-2: Ground out 4-3 (Groundball, 4, EV 87.5 MPH)
Batting: RHB Tommy Tyrrell 0-0: Ball
1-0: Called Strike
1-1: Ball
2-1: Ball
3-1: Foul Ball, location: 2F
3-2: Fly out, F8 (Line Drive, 78D, EV 91.9 MPH)
Batting: RHB Phil Radil 0-0: Fly out, F9 (Flyball, 9, EV 93.1 MPH)
Bottom of the 9th over - 0 runs, 0 hits, 0 errors, 0 left on base; Auburn 7 - Eagle River 1
Wednesday, May 15th , 2024 - OOTP Baseball 23.10 Build 110